 Dungeon Crawl Stone Soup version 0.29-a0-82-g837932c90e (webtiles) character file.

Game seed: 2457884117631255081

67 HallandMoats the Skirmisher (level 3, 0/29 HPs)
             Began as a Demonspawn Fighter on Feb 5, 2022.
             Killed by divine providence
             ... invoked by an orc priest
              (11 damage)
             ... on level 3 of the Dungeon.
             The game lasted 00:01:30 (2210 turns).

HallandMoats the Skirmisher (Demonspawn Fighter)    Turns: 2210, Time: 00:01:30

Health: 0/29       AC:  6    Str: 18    XL:     3   Next: 98%
Magic:  4/4        EV:  9    Int:  9    God:
Gold:   151        SH:  4    Dex: 12    Spells: 2/2 levels left

rFire   . . .      SeeInvis .   a - +0 war axe
rCold   . . .      Faith    .   c - +0 buckler
rNeg    . . .      Spirit   .   b - +0 scale mail
rPois   .          Reflect  .   (helmet restricted)
rElec   .          Harm     .   (no cloak)
rCorr   .          Rampage  .   (no gloves)
Will    .....                   (no boots)
Stlth   ..........              h - amulet of regeneration
HPRegen 0.89/turn               (no ring)
MPRegen 0.09/turn               (no ring)

@: no status effects
A: horns 1
a: no special abilities


You were on level 3 of the Dungeon.
You visited 1 branch of the dungeon, and saw 3 of its levels.

You collected 151 gold pieces.

Inventory:

Hand Weapons
 a - a +0 war axe (weapon)
Armour
 b - a +0 scale mail (worn)
 c - a +0 buckler (worn)
Jewellery
 h - an amulet of regeneration (around neck)
Scrolls
 e - a scroll of enchant armour {unknown}
 i - a scroll of teleportation {unknown}
 j - 5 scrolls of identify {unknown}
 l - a scroll of vulnerability {unknown}
Potions
 d - a potion of might
 f - a potion of invisibility {unknown}
 g - 2 potions of brilliance {unknown}
 k - 3 potions of curing {unknown}


   Skills:
 * Level 3.4 Fighting
 * Level 2.4 Axes
 + Level 3.0 Armour
 + Level 0.8 Dodging
 + Level 2.9 Shields
 * Level 1.9 Invocations


You had 2 spell levels left.
You didn't know any spells.
Your spell library was empty.

Dungeon Overview and Level Annotations

Branches:
Dungeon (3/15)

Altars:


Innate Abilities, Weirdness & Mutations

You have a pair of small horns on your head.


Message History

An adder comes into view.
The goblin closely misses you.
The adder hisses angrily.
You slash the goblin!
You kill the goblin!
The orc priest calls down the wrath of Beogh upon you.
Beogh smites you!
You closely miss the orc. You headbutt the orc.
The orc is lightly wounded.
The orc barely misses you. The orc hits you but does no damage.
The orc priest miscasts a cantrip.
You barely miss the orc.
The orc is lightly wounded.
The orc hits you but does no damage.
You barely miss the orc.
The orc is lightly wounded.
The orc hits you with a +0 mace. The orc hits you but does no damage.
The orc priest invokes the aid of Beogh against you.
Beogh smites you!
* * * LOW HITPOINT WARNING * * *
You are too injured to fight recklessly!
You are too injured to fight recklessly!
You are too injured to fight recklessly!
You are too injured to fight recklessly!
You are too injured to fight recklessly!
You are too injured to fight recklessly!
You are too injured to fight recklessly!
You are too injured to fight recklessly!
You are too injured to fight recklessly!
Unknown command.
You are too injured to fight recklessly!
Unknown command.
You are too injured to fight recklessly!
Unknown command.
The orc priest looks encouraged for a moment.
There is a stone staircase leading down here.
The orc hits you with a +0 mace.
The orc priest invokes the aid of Beogh against you.
Beogh smites you!
You die...

######## #......#
#......# #......#
#......#
#####......#############
#..........'....@.......
#.###......#####o#######
#.# ######## #o# #.# #.#
#.# #o# ### #.# #S# ....
#.# #o# ..... #.#
#g###...... #.#
#...ogo....


You could see an orc priest, an adder, 3 orcs and a goblin.

Vanquished Creatures
  An adder (D:2)
  3 worms (D:2)
  3 dart slugs
  4 ball pythons
  3 bats
  An endoplasm (D:2)
  2 giant cockroaches
  5 goblins
  4 hobgoblins
  3 jackals (D:1)
  A kobold (D:2)
  A quokka (D:1)
  2 frilled lizards
  10 rats
43 creatures vanquished.

Notes
Turn   | Place    | Note
-------+----------+-------------------------------------------
     0 | D:1      | HallandMoats the Demonspawn Fighter began the quest for the
                  | Orb.
     0 | D:1      | Reached XP level 1. HP: 18/18 MP: 1/1
   361 | D:1      | Gained mutation: You have a pair of small horns on your
                  | head. [demonic ancestry]
   361 | D:1      | Reached XP level 2. HP: 24/24 MP: 2/2
   428 | D:1      | Reached skill level 1 in Invocations
  1087 | D:2      | Reached XP level 3. HP: 29/29 MP: 4/4
  2210 | D:3      | Killed from afar by an orc priest

Illustrated notes

Levels and vault maps discovered:
D:1:      dpeg_arrival_connections, layout_loops_corners,
          minmay_rat_gold_closets
D:2:      layout_loops_corners, serial_forest, infiniplex_forest_lined_2,
          infiniplex_forest_clump_large, infiniplex_forest_clump_curved,
          infiniplex_forest_clump_medium, infiniplex_forest_clump_medium
D:3:      layout_basic, gammafunk_temple_overflow_statue,
          mainiacjoe_overflow_six_doors_small, uniq_terence, uniq_natasha

Skill      XL: |  1  2  3 |
---------------+----------+-----
Axes           | 2 |  2.4
Invocations    | 1 |  1.9
Armour         | 3 |  3.0
Fighting       | |  3.4
Dodging        | |  0.8
Shields        | |  2.9

Action                   || total
-------------------------++-------
Melee: War axe           ||   119
       Headbutt          ||    13
Armor: Scale mail        ||    66
Dodge: Dodged            ||    44
Block: Buckler           ||    22

Table legend: (Time is in decaauts)
 A = Elapsed time spent in this place.
 B = Non-inter-level travel time spent in this place.
 C = Inter-level travel time spent in this place.
 D = Time resting spent in this place.
 E = Time spent auto-exploring this place.
 F = Levels seen in this place.
 G = Mean time per level.
                   A        B        C        D        E       F      G
               +--------+--------+--------+--------+--------+-----+--------+
         Total |   2259 |   2165 |     94 |      0 |   1853 |   3 |  753.0 |
       Dungeon |   2259 |   2165 |     94 |      0 |   1853 |   3 |  753.0 |
               +--------+--------+--------+--------+--------+-----+--------+

Top non-repeatable levels by time:
     D:1: 1083 daAuts
     D:2: 1060 daAuts
     D:3: 115 daAuts
